 Dungeon Crawl Stone Soup version 0.26.1-11-gd32895ea62 (webtiles) character file.

Game seed: 12626297310757410992

8918 bigdumb the Blocker (level 11, -1/83 HPs)
             Began as a Formicid Fighter on June 19, 2021.
             Was a Priest of the Shining One.
             Killed from afar by a gargoyle (21 damage)
             ... with a stone arrow
             ... on level 11 of the Dungeon.
             The game lasted 00:23:05 (13528 turns).

bigdumb the Blocker (Formicid Fighter)             Turns: 13528, Time: 00:23:08

Health: -1/83      AC: 21    Str: 22    XL:     11   Next: 64%
Magic:  11/11      EV:  9    Int:  8    God:    the Shining One [***...]
Gold:   536        SH: 12    Dex: 12    Spells: 10/10 levels left

rFire    . . .     SeeInvis +   g - +0 great sword
rCold    . . .     Faith    .   c - +0 kite shield
rNeg     + . .     Spirit   .   b - +0 plate armour
rPois    .         Reflect  .   (helmet unavailable)
rElec    .         Harm     .   y - +1 cloak
rCorr    .         Rampage  .   C - +0 pair of gloves
Will     +....                  p - +0 pair of boots
Stlth    +.........             (no amulet)
HPRegen  0.23/turn              B - ring of stealth
MPRegen  0.12/turn              n - +4 ring of protection

@: glowing
A: permanent stasis, dig shafts and tunnels, four strong arms, antennae 3
a: Dig, Shaft Self, Renounce Religion, Divine Shield


You were on level 11 of the Dungeon.
You worshipped the Shining One.
The Shining One was most pleased with you.
You visited 2 branches of the dungeon, and saw 12 of its levels.

You collected 536 gold pieces.

Inventory:

Hand Weapons
 a - a +0 rapier of protection
 g - a +0 great sword (weapon)
 r - a +2 scythe of venom
 I - a +0 short sword of holy wrath
Armour
 b - a +0 plate armour (worn)
 c - a +0 kite shield (worn)
 j - a +3 leather armour of fire resistance
 p - a +0 pair of boots (worn)
 y - a +1 cloak (worn)
 C - a +0 pair of gloves (worn)
Jewellery
 d - an uncursed ring of willpower
 k - an uncursed amulet of reflection
 l - an uncursed ring of ice
 n - a +4 ring of protection (right hand)
 B - a ring of stealth (left hand)
 F - an uncursed ring of protection from fire
 H - an uncursed amulet of regeneration
 M - an uncursed ring of resist corrosion
Wands
 v - a wand of acid (11)
 x - a wand of digging (7)
 D - a wand of disintegration (20)
 E - a wand of polymorph (11)
 K - a wand of iceblast (6)
Scrolls
 e - 4 scrolls of identify
 f - 7 scrolls of teleportation
 i - 6 scrolls of remove curse
 m - a scroll of blinking {unknown}
 o - 2 scrolls of amnesia
 s - 4 scrolls of magic mapping
 t - 5 scrolls of enchant weapon {unknown}
 w - 3 scrolls of fog {unknown}
 G - 3 scrolls of fear {unknown}
 L - a scroll of summoning {unknown}
Potions
 h - 3 potions of attraction
 q - a potion of flight
 u - 2 potions of curing
 z - 2 potions of berserk rage


   Skills:
 * Level 6.9 Fighting
 - Level 9.3(9.5) Short Blades
 * Level 2.5(6.4) Long Blades
 * Level 6.5 Armour
 * Level 6.3 Dodging
 * Level 9.3 Stealth
 * Level 9.6 Shields


You had 10 spell levels left.
You didn't know any spells.
Your spell library contained the following spells:

 Spells                   Type           Power        Failure   Level
 Corona                   Hex            0%           100%        1
 Foxfire                  Conj/Fire      0%           100%        1
 Magic Dart               Conj           0%           100%        1
 Shock                    Conj/Air       0%           100%        1
 Ensorcelled Hibernation  Hex/Ice        0%           100%        2
 Searing Ray              Conj           0%           100%        2
 Slow                     Hex            0%           100%        2
 Confusing Touch          Hex            0%           100%        3
 Conjure Flame            Conj/Fire      0%           100%        3
 Dazzling Flash           Conj/Hex       0%           100%        3
 Inner Flame              Hex/Fire       0%           100%        3
 Portal Projectile        Hex/Tloc       0%           100%        3
 Static Discharge         Conj/Air       0%           100%        3
 Tukima's Dance           Hex            0%           100%        3
 Airstrike                Air            0%           100%        4
 Cause Fear               Hex            0%           100%        4
 Fulminant Prism          Conj/Hex       0%           100%        4
 Iskenderun's Mystic Bla  Conj/Tloc      0%           100%        4
 Leda's Liquefaction      Hex/Erth       0%           100%        4
 Sticky Flame             Conj/Fire      0%           100%        4
 Fireball                 Conj/Fire      0%           100%        5
 Lightning Bolt           Conj/Air       0%           100%        5
 Swiftness                Air            Unusable     N/A         2

Dungeon Overview and Level Annotations

Branches:
Dungeon (11/15)            Temple (0/1) D:5            Lair (0/6) D:10
    Orc (1/2) D:9

Altars:
Dithmenos
Elyvilon
Gozag
Okawaru
Qazlal
Ru
Trog
Uskayaw
Wu Jian
Xom
Yredelemnul
The Shining One

Shops:
D:8 *   D:10 [


Innate Abilities, Weirdness & Mutations

You cannot be hasted, slowed, berserked, paralysed or teleported.
You can dig through walls and to a lower floor.
Your four strong arms can wield two-handed weapons with a shield.
You have a pair of large antennae on your head. (SInv)


Message History

The gargoyle hits you with a +0 morningstar!
You slash the hound zombie!
You destroy the hound zombie!
The Shining One accepts your kill.
You feel better. You block the gargoyle's attack.
You slice the gargoyle!!
The gargoyle is severely damaged.
The gargoyle hurls a stone arrow at you.
The stone arrow hits you!!
You hit the gargoyle but do no damage.
The gargoyle is severely damaged.
The gargoyle hurls a stone arrow at you.
The stone arrow misses you.
You hit the gargoyle.
The gargoyle is almost destroyed.
The gargoyle hits you with a +0 morningstar!
* * * LOW HITPOINT WARNING * * *
The gargoyle hurls a stone arrow at you.
The stone arrow hits you!!
You die...

#......#
#......#
#......#
#......#
#......#
#....###
#.##.#
#..).#
#..[@#
#...9.......
#.##........
#. #........
# .........
#########


You could see a gargoyle.

Vanquished Creatures
  Harold (D:8)
  A two-headed ogre (D:10)
  Pikel (D:7)
  An orc knight (D:10)
  A hornet (D:9)
  Sigmund (D:6)
  2 wyverns
  10 yaks
  A water moccasin (D:7)
  A hornet zombie (D:9)
  6 orc warriors
  A phantom (D:4)
  8 centaurs
  6 ogres
  4 bullfrogs
  2 gnoll sergeants (D:7)
  3 scorpions
  3 wights (D:10)
  9 killer bees
  2 howler monkeys
  A quasit (D:11)
  7 hounds
  Crazy Yiuf (D:7)
  2 jellies
  10 orc wizards
  3 orc priests
  A bullfrog zombie (D:8)
  3 bullfrog skeletons
  Terence (D:2)
  Jessica (D:3)
  3 worker ants
  2 iguanas (D:8)
  2 hound zombies
  A hound skeleton (D:4)
  A worker ant zombie (D:6)
  A howler monkey zombie (D:6)
  15 gnolls
  12 adders
  2 shadow imps
  A white imp (D:5)
  An ufetubus (D:10)
  2 oozes
  An adder zombie (D:9)
  2 adder skeletons
  2 worms
  5 dart slugs (D:1)
  7 leopard geckos
  51 orcs
  A ball python (D:4)
  6 giant cockroaches
  6 goblins
  9 hobgoblins
  7 jackals
  2 quokkas (D:2)
  7 bats
  4 frilled lizards
  5 kobolds
  10 rats
262 creatures vanquished.

Vanquished Creatures (others)
  An orc wizard (Orc:1)
  3 plants
4 creatures vanquished.

Grand Total: 266 creatures vanquished

Notes
Turn   | Place    | Note
-------+----------+-------------------------------------------
     0 | D:1      | bigdumb the Formicid Fighter began the quest for the Orb.
     0 | D:1      | Reached XP level 1. HP: 18/18 MP: 1/1
    33 | D:1      | Reached XP level 2. HP: 22/24 MP: 2/2
   409 | D:1      | Reached skill level 1 in Stealth
   422 | D:1      | Reached XP level 3. HP: 21/29 MP: 3/3
  1164 | D:2      | Reached XP level 4. HP: 31/37 MP: 4/4
  1234 | D:2      | Reached skill level 1 in Dodging
  1541 | D:2      | Reached XP level 5. HP: 23/42 MP: 5/5
  2023 | D:2      | Found a basalt altar of Yredelemnul.
  2023 | D:2      | Found a shimmering altar of Xom.
  2041 | D:2      | Noticed Terence
  2054 | D:2      | Killed Terence
  2318 | D:2      | Found a bloodstained altar of Trog.
  2866 | D:3      | Found a bloodstained altar of Trog.
  2929 | D:3      | Reached XP level 6. HP: 48/48 MP: 6/6
  3030 | D:3      | Noticed Jessica
  3034 | D:3      | Killed Jessica
  3117 | D:3      | Found a glowing golden altar of the Shining One.
  3143 | D:3      | Became a worshipper of the Shining One
  3221 | D:3      | Found a hide-covered altar of Uskayaw.
  3704 | D:4      | Noticed an ogre
  3710 | D:4      | Killed an ogre
  3731 | D:4      | Noticed an ogre
  3738 | D:4      | Killed an ogre
  3739 | D:4      | Reached XP level 7. HP: 54/54 MP: 7/7
  3793 | D:4      | Reached skill level 5 in Shields
  4838 | D:4      | Reached XP level 8. HP: 50/60 MP: 8/8
  5258 | D:4      | Found a sacrificial altar of Ru.
  5322 | D:5      | Entered Level 5 of the Dungeon
  5347 | D:5      | Reached skill level 5 in Short Blades
  5347 | D:5      | Reached skill level 5 in Stealth
  5588 | D:5      | Found a staircase to the Ecumenical Temple.
  6034 | D:5      | Found an iron altar of Okawaru.
  6951 | D:6      | Noticed Sigmund
  6951 | D:6      | Reached * piety under the Shining One
  6972 | D:6      | Killed Sigmund
  6973 | D:6      | Reached XP level 9. HP: 57/66 MP: 9/9
  7532 | D:6      | Reached skill level 5 in Fighting
  7702 | D:7      | Found a shadowy altar of Dithmenos.
  8312 | D:7      | Found an ornate altar of the Wu Jian Council.
  8313 | D:7      | Noticed Pikel
  8332 | D:7      | Killed Pikel
  8333 | D:7      | Reached skill level 5 in Armour
  8333 | D:7      | Reached XP level 10. HP: 74/74 MP: 10/10
  8619 | D:7      | Found a runed translucent door.
  8620 | D:7      | Noticed Crazy Yiuf
  8895 | D:7      | Killed Crazy Yiuf
  8944 | D:8      | Noticed Harold
  8974 | D:8      | Killed Harold
  8975 | D:8      | Reached skill level 5 in Dodging
  9657 | D:8      | Reached ** piety under the Shining One
  9870 | D:8      | Found Gozag's Platinum Reserve.
  9926 | D:8      | Found an opulent altar of Gozag.
 10279 | D:8      | Found a stormy altar of Qazlal.
 10847 | D:9      | Found a staircase to the Orcish Mines.
 10941 | D:9      | Reached XP level 11. HP: 79/81 MP: 11/11
 11238 | D:9      | Found a white marble altar of Elyvilon.
 11374 | D:10     | Entered Level 10 of the Dungeon
 11637 | D:10     | Found a staircase to the Lair.
 11641 | D:10     | Noticed an orc knight
 11704 | Orc:1    | Entered Level 1 of the Orcish Mines
 11713 | Orc:1    | Noticed an orc knight
 11713 | Orc:1    | Reached *** piety under the Shining One
 11721 | Orc:1    | Noticed a cyclops
 12316 | D:10     | Found Deddirey's Armour Shop.
 12435 | D:10     | Killed an orc knight
 12920 | D:10     | Reached skill level 1 in Long Blades
 13152 | D:11     | Noticed a two-headed ogre
 13185 | D:10     | Killed a two-headed ogre
 13528 | D:11     | Killed from afar by a gargoyle

Illustrated notes

Levels and vault maps discovered:
D:1:      amcnicky_arrival_single_pillar, layout_basic, chequers_big_river,
          serial_bayou_pond_e, minmay_splitting_lines, minmay_box_of_dots
D:2:      layout_rooms, gammafunk_temple_overflow_statue, trog_butcher_becter,
          uniq_terence
D:3:      layout_loops_corners, nicolae_overflow_crystal_walls,
          lemuel_coloured_pillars_altar, eat_drink_and_be_merry_uskayaw,
          uniq_jessica
D:4:      layout_basic, nicolae_ru_the_path_less_chosen
D:5:      layout_basic, kennysheep_okawaru_gauntlet, minmay_temple_entry_mist,
          grunt_decor_clamped
D:6:      cheibrodos_helix_gallery, layout_cave_pools, uniq_sigmund
D:7:      layout_loops_corners, nzn_wu_jian_contemplation,
          grunt_dithmenos_smoke_and_mirrors, uniq_pikel, uniq_crazy_yiuf_cottage
D:8:      layout_loops_ring, nicolae_gozag_zags_fifth_avenue,
          grunt_qazlal_sundering, uniq_harold
D:9:      layout_basic, hiddenorc1_lemuel, basic_altar
D:10:     layout_gridville, lair_entry_dummy, serial_shops,
          nicolae_shop_competitors_out_of_business, kennysheep_generic_room_15
D:11:     layout_stronghold, serial_bayou_pond_b, hangedman_tell_no_tales
Orc:1:    layout_diamond_mine, uniq_josephine

Skill      XL: |  1  2  3  4  5  6  7  8  9 10 11 |
---------------+----------------------------------+-----
Stealth        | 1 2 3 4 6 7 8 9 |  9.3
Dodging        | 1 2 3 4 5 6 |  6.3
Shields        | 4 5 6 7 8 9 |  9.6
Armour         | 4 5 6 |  6.5
Short Blades   | 3 4 6 7 8 9 |  9.3
Fighting       | 4 5 6 |  6.9
Long Blades    | 2 |  2.5

Action                   |  1- 3 |  4- 6 |  7- 9 | 10-12 || total
-------------------------+-------+-------+-------+-------++-------
Melee: Rapier            |   110 |   180 |   478 |   545 ||  1313
       Great sword       |       |       |       |    54 ||    54
       Falchion          |       |       |       |    50 ||    50
       Short sword       |       |       |       |    24 ||    24
 Abil: Dig               |     2 |       |     4 |       ||     6
  Use: Scroll            |       |     4 |     4 |     5 ||    13
       Potion            |       |     1 |     7 |     6 ||    14
 Stab: Sleeping          |       |     3 |       |       ||     3
Armor: Scale mail        |    40 |    17 |       |       ||    57
       Chain mail        |       |    11 |       |       ||    11
       Robe              |       |     6 |       |       ||     6
       Leather armour    |       |       |    45 |       ||    45
       Plate armour      |       |       |    68 |   211 ||   279
       Skin              |       |       |       |    12 ||    12
Dodge: Dodged            |    33 |    44 |   107 |   146 ||   330
Block: Kite shield       |    40 |   104 |   296 |   543 ||   983
       Reflection        |       |     4 |    19 |     5 ||    28
       Rpst.: Great sword |       |       |       |     6 ||     6
